 Dungeon Crawl Stone Soup version 0.23.1 (webtiles) character file.

Game seed: 15586301870734151909

7925 Gadfly the Cleaver (level 11, -5/91 HPs)
             Began as a Hill Orc Abyssal Knight on Mar 17, 2019.
             Was an Elder of Lugonu.
             Shot with an arrow by a centaur (6 damage)
             ... in a volcano.
             The game lasted 00:24:10 (16147 turns).

Gadfly the Cleaver (Hill Orc Abyssal Knight)       Turns: 16147, Time: 00:24:11

Health: -5/91      AC: 15    Str: 19    XL:     11   Next: 22%
Magic:  22/29      EV:  6    Int: 12    God:    Lugonu [****..]
Gold:   304        SH:  0    Dex: 10    Spells: 10/10 levels left

rFire    . . .     SeeInvis +   D - +8 mithril axe "Arga" {speed, MR+}
rCold    . . .     Gourm    .   (no shield)
rNeg     . . .     Faith    .   m - +0 plate armour
rPois    .         Spirit   .   e - +0 helmet {SInv}
rElec    .         Reflect  .   (no cloak)
rCorr    .         Harm     .   (no gloves)
MR       +....                  o - +0 pair of boots
Stlth    ..........             (no amulet)
HPRegen  0.25/turn              g - ring of magical power
MPRegen  0.21/turn              (no ring)

@: no status effects
A: no striking features
a: Depart the Abyss, Bend Space, Banish, Corrupt, Renounce Religion


You were in a volcano.
You worshipped Lugonu.
Lugonu was greatly pleased with you.
You were not hungry.

You visited 2 branches of the dungeon, and saw 10 of its levels.
You visited the Abyss 1 time.
You also visited: Sewer and Volcano.

You collected 444 gold pieces.
You spent 140 gold pieces at shops.

Inventory:

Hand Weapons
 w - a +2 flail of protection
 z - a +1 flail of draining
 D - the +8 mithril axe "Arga" (weapon) {speed, MR+}
   (You acquired it on level 9 of the Dungeon)

   Attacks with this weapon are significantly faster.
   It affects your resistance to hostile enchantments.
Missiles
 q - 4 tomahawks (quivered)
Armour
 e - a +0 helmet of see invisible (worn)
 m - a +0 plate armour (worn)
 o - a +0 pair of boots (worn)
Jewellery
 g - a ring of magical power (left hand)
Wands
 i - a wand of flame (8)
 t - a wand of random effects (16)
 x - a wand of paralysis (15)
Scrolls
 h - 4 scrolls of teleportation
 p - 2 scrolls of remove curse
 r - 2 scrolls of fog
 u - 4 scrolls of identify
 v - 2 scrolls of enchant weapon
 y - a scroll of amnesia
Potions
 a - a potion of ambrosia
 d - 2 potions of heal wounds
 f - 3 potions of curing
 j - 2 potions of resistance
 k - a potion of brilliance
 l - a potion of might
 n - a potion of lignification
 s - 3 potions of flight
 A - a potion of haste
 B - a potion of agility
Comestibles
 c - 12 rations


   Skills:
 + Level 6.9 Fighting
 * Level 14.0 Axes
 + Level 5.8 Armour
 - Level 0.7 Dodging
 * Level 12.0 Invocations
 * Level 5.6 Evocations


You had 10 spell levels left.
You didn't know any spells.
Your spell library was empty.

Dungeon Overview and Level Annotations

Branches:
Dungeon (9/15)             Temple (0/1) D:5            Lair (1/6) D:8
    Orc (0/2) D:9

Altars:
Ashenzari
Dithmenos
Fedhas
Kikubaaqudgha
Makhleb
Nemelex Xobeh
Okawaru
Sif Muna
Xom

Shops:
D:6 [   D:8 *

Annotations:
D:8 3 runed translucent doors, Woodmanan's ghost, novice TrMo
Abyss:1 Eustachio, Menkaure Volcano corrupted


Message History

* * * LOW HITPOINT WARNING * * *
The centaur shoots an arrow.
The arrow hits you but does no damage.
You see here 3 arrows.
Okay, then.
Okay, then.
Lugonu's Hand of Corruption reaches out!
You feel quite a bit more hungry.
You can no longer gate yourself to the Abyss.
A centaur and a red draconian come into view.
The red draconian is wielding a +2 flail of flaming.
The centaur is wielding a +1 shortbow of flaming.
The red draconian roars!
The centaur shouts!
The centaur shoots an arrow.
The arrow closely misses the unseen horror.
The arrow hits you but does no damage.
The centaur warrior shoots an arrow.
The arrow hits you.
* * * LOW HITPOINT WARNING * * *
The arrow burns you.
* * * LOW HITPOINT WARNING * * *
The centaur shoots an arrow.
The arrow hits you.
You die...

§§≈≈≈≈§§≈≈≈≈≈≈≈≈≈≈≈§≈≈≈≈.≈§≈≈§≈§○
○§§≈≈≈≈§≈§≈.≈≈.≈..≈.≈.≈≈.≈≈≈≈≈§§§
○≈≈§≈≈...§................≈○°○○≈≈
○ ≈≈≈○°.########'########...○°°§§
... #.# #..≈°°§§≈ ).x#.#
#..°°○§≈≈ #.#.# #.≈≈○☼○≈§ #.X.#
#..§≈○.§≈ #@# #.≈§≈§☼≈§
......X(.......#..≈≈≈≈≈≈
##5x....##.+...#.§§≈§§≈§
...4##ccc x. #..§§≈§§≈ .∩d c._..
c∩.#.§≈§§≈§§ .X ..X#..+
..#§§§≈≈§§§ # ####### ##.≈§§§≈≈§
≈ §§§≈≈≈≈≈§ §≈≈ ≈≈○§≈§○


You could see a red draconian, a centaur warrior, 2 yaktaurs, 2 centaurs, a
neutral thrashing horror, 3 neutral large abominations, a neutral hellwing, a
neutral unseen horror (invisible), 2 neutral small abominations and a neutral
white imp.

Vanquished Creatures
  A two-headed ogre (D:9)
  Pikel (D:5)
  A rime drake (Lair:1)
  2 hippogriffs
  2 wyverns (D:8)
  2 fire bats (Volcano)
  A hungry ghost (D:9)
  A warg (D:9)
  A water moccasin (D:8)
  Duvessa (D:5)
  A hornet zombie (D:8)
  2 ice beasts
  3 orc warriors (D:8)
  A swamp drake (D:8)
  A black bear (D:8)
  2 sky beasts
  2 phantoms
  An eye of draining (D:9)
  2 ogres (D:8)
  A necrophage (D:8)
  3 centaurs
  2 crocodiles (D:8)
  2 big kobolds
  7 bullfrogs
  Dowan (D:5)
  3 scorpions
  A water moccasin skeleton (D:5)
  3 killer bees (D:7)
  4 howler monkeys
  2 crimson imps
  8 lava snakes (Volcano)
  5 hounds
  2 jellies
  A quasit (D:9)
  4 orc priests
  2 centaur skeletons
  A gnoll shaman (D:5)
  2 iguanas
  10 orc wizards
  6 worker ants
  A killer bee zombie (D:8)
  A hound zombie (D:8)
  A hound skeleton (D:5)
  A worker ant zombie (D:7)
  4 gnolls
  13 adders
  2 river rats (Sewer)
  2 shadow imps
  An adder skeleton (D:5)
  2 adder zombies
  4 worms
  2 dart slugs
  7 leopard geckos
  33 orcs
  A ball python (D:1)
  7 bats
  7 giant cockroaches
  7 goblins
  8 hobgoblins
  16 jackals
  5 quokkas
  4 frilled lizards
  A jackal skeleton (D:5)
  15 kobolds
  A leopard gecko skeleton (D:7)
  A quokka skeleton (D:4)
  6 rats
251 creatures vanquished.

Vanquished Creatures (others)
  A two-headed ogre (D:9)
  An orc warrior (D:6)
  2 slaves (D:5)
4 creatures vanquished.

Grand Total: 255 creatures vanquished

Notes
Turn   | Place    | Note
-------+----------+-------------------------------------------
     0 | Abyss:1  | Gadfly the Hill Orc Abyssal Knight began the quest for the
                  | Orb.
     0 | Abyss:1  | Reached XP level 1. HP: 19/19 MP: 2/2
    44 | Abyss:1  | Found a corrupted altar of Lugonu.
    57 | D:1      | Escaped the Abyss
    80 | D:1      | Reached skill level 3 in Axes
   210 | D:1      | Reached XP level 2. HP: 25/26 MP: 4/4
   455 | D:1      | Reached skill level 4 in Axes
   579 | D:1      | Reached XP level 3. HP: 31/31 MP: 5/5
   946 | D:2      | Reached ** piety under Lugonu
  1181 | D:2      | Reached skill level 5 in Axes
  1181 | D:2      | Reached XP level 4. HP: 39/39 MP: 6/6
  1843 | D:2      | Found an iron altar of Okawaru.
  1922 | D:2      | Found a sparkling altar of Nemelex Xobeh.
  2082 | D:2      | Reached XP level 5. HP: 22/45 MP: 8/8
  2729 | D:2      | Reached skill level 6 in Axes
  3136 | D:3      | Reached *** piety under Lugonu
  3891 | D:4      | Found an ancient bone altar of Kikubaaqudgha.
  3970 | D:4      | Found a glowing drain.
  3981 | D:4      | Reached XP level 6. HP: 45/51 MP: 9/9
  4003 | Sewer    | Entered a sewer
  4030 | Sewer    | Reached skill level 5 in Invocations
  4034 | Sewer    | Reached skill level 7 in Axes
  4487 | Sewer    | Found a white marble altar of Elyvilon.
  4857 | D:4      | Noticed a phantom
  4885 | D:4      | Killed a phantom
  4885 | D:4      | Reached skill level 8 in Axes
  4885 | D:4      | Reached XP level 7. HP: 47/57 MP: 11/11
  4964 | D:5      | Entered Level 5 of the Dungeon
  5039 | D:5      | Noticed Duvessa
  5071 | D:5      | Killed Duvessa
  5072 | D:5      | Noticed Dowan
  5109 | D:5      | Killed Dowan
  5109 | D:5      | Reached skill level 9 in Axes
  5308 | D:5      | Found a burning altar of Makhleb.
  5308 | D:5      | Noticed a cacodemon
  5311 | D:5      | Noticed a hellwing
  5311 | D:5      | Noticed a neqoxec
  5354 | D:5      | Noticed Eustachio
  5887 | D:4      | Banished Eustachio
  5887 | D:4      | Reached XP level 8. HP: 64/64 MP: 13/13
  5958 | D:5      | Noticed Pikel
  6001 | D:5      | Killed Pikel
  6001 | D:5      | Reached skill level 11 in Axes
  6010 | D:5      | Found a staircase to the Ecumenical Temple.
  6102 | D:5      | Found a sparkling altar of Nemelex Xobeh.
  6195 | D:5      | Noticed Menkaure
  6202 | D:5      | Banished Menkaure
  6427 | D:5      | Found a shadowy altar of Dithmenos.
  6735 | D:6      | Found Jizaiquri's Armour Boutique.
  6903 | D:5      | Reached XP level 9. HP: 44/71 MP: 15/15
  7055 | D:6      | Reached skill level 1 in Evocations
  8347 | D:7      | Reached skill level 12 in Axes
  8726 | D:7      | Found a blossoming altar of Fedhas.
  9142 | D:7      | Reached skill level 5 in Fighting
  9338 | D:8      | Reached **** piety under Lugonu
  9338 | D:8      | Reached skill level 10 in Invocations
  9562 | D:8      | Found a shimmering altar of Xom.
  9805 | D:8      | Reached XP level 10. HP: 70/81 MP: 17/17
  9889 | D:8      | Found a runed translucent gate.
  9889 | D:8      | Found a runed translucent gate.
  9890 | D:8      | Found a runed translucent gate.
  9893 | D:8      | Noticed Woodmanan's ghost (novice TrMo)
  9949 | D:8      | Found a shattered altar of Ashenzari.
 10243 | D:8      | Found Lathif's General Store.
 10252 | D:8      | Bought a potion of haste for 140 gold pieces
 10551 | D:8      | Reached skill level 13 in Axes
 11261 | D:8      | Found a staircase to the Lair.
 11492 | D:8      | Found a deep blue altar of Sif Muna.
 12781 | D:8      | Reached skill level 5 in Armour
 13700 | D:9      | Noticed a two-headed ogre
 13708 | D:9      | Banished a two-headed ogre
 14069 | D:9      | Noticed a two-headed ogre
 14071 | D:9      | Found a staircase to the Orcish Mines.
 14109 | D:9      | Killed a two-headed ogre
 14109 | D:9      | Reached skill level 5 in Evocations
 14109 | D:9      | Reached XP level 11. HP: 52/91 MP: 19/19
 14601 | D:9      | Identified a scroll of acquirement
 14602 | D:9      | Found the +8 mithril axe "Arga" {speed, MR+}
 15109 | Lair:1   | Entered Level 1 of the Lair of Beasts
 15177 | Lair:1   | Found a dark tunnel.
 15182 | Volcano  | Entered a volcano
 15232 | Volcano  | Reached skill level 14 in Axes
 15904 | Volcano  | Reached ***** piety under Lugonu
 16143 | Volcano  | Found a burning altar of Makhleb.
 16143 | Volcano  | Noticed a centaur warrior
 16147 | Volcano  | Corrupted Volcano
 16147 | Volcano  | Noticed a red draconian
 16147 | Volcano  | Noticed a thrashing horror
 16147 | Volcano  | Noticed a large abomination
 16147 | Volcano  | Noticed an unseen horror
 16147 | Volcano  | HP: 3/91 [centaur warrior/arrow (5)]
 16147 | Volcano  | HP: 1/91 [centaur warrior/arrow (2)]
 16147 | Volcano  | Shot with an arrow by a centaur

Skill      XL: |  1  2  3  4  5  6  7  8  9 10 11 |
---------------+----------------------------------+-----
Axes           | 3 4 5 6 8 9 11 12 13 14 | 14.0
Invocations    | 3 4 5 6 8 10 11 12 | 12.0
Fighting       | 5 6 |  6.9
Evocations     | 3 5 |  5.6
Armour         | 4 5 |  5.8
Dodging        | |  0.7

Action                   |  1- 3 |  4- 6 |  7- 9 | 10-12 || total
-------------------------+-------+-------+-------+-------++-------
Melee: Hand axe          |    98 |   282 |   560 |   232 ||  1172
       Battleaxe         |       |       |       |    97 ||    97
       Broad axe         |       |       |       |    67 ||    67
Throw: Tomahawk          |       |       |       |     2 ||     2
Invok: Banish            |       |       |     4 |     1 ||     5
       Corrupt           |       |       |       |     1 ||     1
Evoke: Wand              |       |       |     1 |       ||     1
  Use: Scroll            |     1 |     9 |     5 |     5 ||    20
       Potion            |       |     1 |     6 |     1 ||     8
  Eat: Chunk             |     1 |    12 |    14 |    15 ||    42
       Ration            |       |       |     1 |     2 ||     3
Armor: Leather armour    |    48 |    28 |       |       ||    76
       Plate armour      |       |   145 |   283 |   227 ||   655
       Skin              |       |       |    43 |       ||    43
Dodge: Dodged            |    77 |   102 |   106 |    87 ||   372
